 Dungeon Crawl Stone Soup version 0.26-a0-307-g4e7fcc93f0 (webtiles) character file.

Game seed: 9937252264123337282

59601 Corto the Geomancer (level 14, -9/88 HPs)
             Began as a Gargoyle Earth Elementalist on July 14, 2020.
             Was a High Priest of Vehumet.
             Killed by divine providence
             ... invoked by Saint Roka
              (12 damage)
             ... on level 1 of the Orcish Mines on July 15, 2020.
             The game lasted 02:38:28 (28759 turns).

Corto the Geomancer (Gargoyle Earth Elementalist)  Turns: 28759, Time: 02:38:28

Health: -9/88      AC: 19    Str: 11    XL:     14   Next: 95%
Magic:  0/29       EV: 12    Int: 31    God:    Vehumet [*****.]
Gold:   1514       SH: 12    Dex:  8    Spells: 11/35 levels left

rFire    + . .     SeeInvis .   F - +7 mace "Affyimozy" {pain, rF+}
rCold    . . .     Faith    .   j - +3 buckler
rNeg     + . .     Spirit   .   I - +2 robe {MR+}
rPois    ∞         Reflect  +   i - +2 hat {Int+3}
rElec    +         Harm     .   f - scarf {+Inv}
rCorr    .                      r - +0 pair of gloves
MR       ++++.                  s - +0 pair of boots
Stlth    ++........             V - amulet "Foguf" {Reflect rPois MR+ SH+5}
HPRegen  0.24/turn              w - ring of protection from magic
MPRegen  0.21/turn              c - +6 ring of intelligence

@: flying, very slightly contaminated
A: big wings, clumsy 1, negative energy resistance 1, electricity resistance,
wild magic 1, unbreathing, petrification resistance, rot immunity, AC +10
a: Stop Flying, Renounce Religion, Evoke Invisibility


You were on level 1 of the Orcish Mines.
You worshipped Vehumet.
Vehumet was extremely pleased with you.
You visited 4 branches of the dungeon, and saw 21 of its levels.
You also visited: Ossuary.

You collected 1514 gold pieces.

Inventory:

Hand Weapons
 F - the +7 mace "Affyimozy" (weapon) {pain, rF+}
   (You took it off a deep elf mage on level 12 of the Dungeon)

   In the hands of one skilled in necromantic magic, it inflicts extra damage on
   living creatures.
   It protects you from fire.
 H - a +3 whip of electrocution
 L - a +0 flail of holy wrath
Missiles
 b - 455 stones (quivered)
Armour
 f - a scarf of invisibility (worn)
 i - a +2 hat of intelligence (worn)
 j - a +3 buckler (worn)
 m - a +0 troll leather armour
 n - a +0 cloak
 r - a +0 pair of gloves (worn)
 s - a +0 pair of boots (worn)
 I - a +2 robe of magic resistance (worn)
Jewellery
 c - a +6 ring of intelligence (right hand)
 g - an uncursed ring of protection from cold
 w - a ring of protection from magic (left hand)
 z - an uncursed amulet of the acrobat
 J - an uncursed amulet of magic regeneration
 N - an uncursed ring of stealth
 P - an uncursed ring of positive energy
 V - the amulet "Foguf" (around neck) {Reflect rPois MR+ SH+5}
   (You found it on level 5 of the Lair of Beasts)

   [amulet of reflection]

   It shields you and reflects attacks.
   It protects you from poison.
   It affects your resistance to hostile enchantments.
   It affects your SH (+5).
Wands
 E - a wand of iceblast (11)
 G - a wand of disintegration (9)
 K - a wand of acid (18)
 O - a wand of clouds (4)
 T - a wand of paralysis (15)
 W - a wand of flame (15)
Scrolls
 a - 3 scrolls of amnesia
 e - 6 scrolls of fog
 h - 2 scrolls of enchant weapon
 k - a scroll of blinking
 o - 7 scrolls of teleportation {@r4}
 p - 17 scrolls of identify {@r9}
 t - a scroll of fear
 u - 3 scrolls of enchant armour
 y - 10 scrolls of remove curse {@r8}
 C - a scroll of vulnerability {unknown}
 Q - a scroll of immolation {!r}
Potions
 d - 7 potions of haste {@q3}
 l - a potion of berserk rage
 q - a potion of heal wounds {@q2}
 v - 14 potions of curing {@q1}
 x - 6 potions of lignification {!q}
 A - 5 potions of brilliance
 D - 4 potions of resistance
 M - 3 potions of ambrosia {!e}


   Skills:
 + Level 10.8 Fighting
 + Level 9.2 Maces & Flails
 - Level 6.0 Armour
 - Level 1.5 Dodging
 - Level 2.1 Stealth
 - Level 5.0 Shields
 + Level 11.1 Spellcasting
 + Level 8.2 Conjurations
   Level 0.7 Transmutations
 + Level 7.6 Fire Magic
 + Level 14.0 Earth Magic
 + Level 6.8 Evocations


You had 11 spell levels left.
You knew the following spells:

 Your Spells              Type           Power        Failure   Level
a - Stone Arrow           Conj/Erth      ######       1%          3
b - Sandblast             Erth           ######       1%          1
c - Lee's Rapid Deconstr  Erth           #######...   1%          5
d - Iron Shot             Conj/Erth      #######...   2%          6
e - Searing Ray           Conj           ######       1%          2
f - Sticky Flame          Conj/Fire      ######..     1%          4
g - Conjure Flame         Conj/Fire      ######..     1%          3

Your spell library contained the following spells:

 Spells                   Type           Power        Failure   Level
 Magic Dart               Conj           ####         1%          1
 Passwall                 Tmut/Erth      ######..     1%          2
 Dazzling Flash           Conj/Hex       ######       1%          3
 Ignite Poison            Fire/Tmut/Pois #####...     1%          3
 Bolt of Magma            Conj/Fire/Erth #######...   1%          5
 Fulminant Prism          Conj/Hex       ######....   2%          4
 Iskenderun's Mystic Bla  Conj/Tloc      ######..     2%          4
 Petrify                  Tmut/Erth      ######..     2%          4
 Animate Skeleton         Necr           ###...       5%          1
 Apportation              Tloc           ###...       5%          1
 Corona                   Hex            ###....      5%          1
 Pain                     Necr           ###.         5%          1
 Summon Small Mammal      Summ           ###.         5%          1
 Irradiate                Conj/Tmut      ######....   5%          5
 Iskenderun's Battlesphe  Conj/Chrm      ######..     6%          5
 Call Imp                 Summ           ###.....     7%          2
 Call Canine Familiar     Summ           ###.....     13%         3
 Summon Guardian Golem    Hex/Summ       ###.....     13%         3
 Vampiric Draining        Necr           ###.......   13%         3
 Orb of Destruction       Conj           ######....   26%         7
 Animate Dead             Necr           ###.......   36%         4
 Summon Ice Beast         Ice/Summ       ###.....     36%         4
 Summon Lightning Spire   Summ/Air       ###.....     36%         4
 Alistair's Intoxication  Tmut/Pois      ####....     65%         5
 Agony                    Necr           ###.....     71%         5
 Eringya's Noxious Bog    Tmut/Pois      ####......   99%         6
 Controlled Blink         Tloc           N/A          100%        8
 Sublimation of Blood     Necr           Unusable     N/A         2

Dungeon Overview and Level Annotations

Branches:
Dungeon (12/15)            Temple (1/1) D:7            Lair (6/6) D:10
 Shoals (0/4) Lair:4        Snake (0/4) Lair:2        Slime (0/5) Lair:5
    Orc (2/2) D:12            Elf (0/3) Orc:2       Ossuary (visited)

Altars:
Ashenzari
Cheibriados
Dithmenos
Elyvilon
Fedhas
Gozag
Hepliaklqana
Kikubaaqudgha
Makhleb
Nemelex Xobeh
Okawaru
Qazlal
Ru
Sif Muna
Trog
Uskayaw
Vehumet
Wu Jian
Xom
Yredelemnul
Zin
The Shining One
Jiyva

Shops:
D:8 [

Annotations:
D:4 3 runed translucent doors, BritishOli's ghost, amateur DsFi
Lair:1 exclusion: 3 oklob plants
Orc:1 Saint Roka


Innate Abilities, Weirdness & Mutations

You are resistant to torment.
Your stone body is resilient. (AC +10)
You are immune to poison.
Your large and strong wings let you fly indefinitely.
You resist negative energy. (rN+)
You are resistant to electric shocks. (rElec)
You can survive without breathing.
You are immune to petrification.
You are immune to rotting.
You are clumsy. (Dex -2)
Your spells are a little harder to cast, but a little more powerful.


Message History

* * * LOW HITPOINT WARNING * * *
As you read the scroll of fear, it crumbles to dust.
You assume a fearsome visage.
Saint Roka resists with some effort.
Saint Roka mumbles some strange prayers to Beogh against you.
Beogh smites you!
* * * LOW HITPOINT WARNING * * *
Unknown command.
Casting: Iron Shot (dangerous; 2% risk of failure)
Confirm with . or Enter, or press ? or * to list all spells.
Okay, then.
Casting: Iron Shot (dangerous; 2% risk of failure)
Confirm with . or Enter, or press ? or * to list all spells.
Aiming: Stone Arrow (safe; 1% risk of failure)
Press: ? - help, Shift-Dir - straight line, f/p - Saint Roka
Aim: Saint Roka, wielding a +0 battleaxe and wearing a +0 plate armour (almost dead)
The stone arrow hits Saint Roka.
Saint Roka is almost dead.
Saint Roka mumbles some strange prayers to Beogh against you.
Beogh smites you!
You die... ███ ██•██ ██•••██ █•••••██ ██••••••█ ██<•[••••███ ███••••██@•••████ ██•█•••[█•o••••█•██ █••••••█•••)••••••█ ██••••[██••[•••█•██ █••••[█••)[••████ ██•█••••••>••█ ███••••••[[██ ██•••••••█ ██•███•██

You could see Saint Roka.

Vanquished Creatures
  Gastronok (D:11)
  Josephine (Orc:1)
  3 hydras
  3 catoblepae (Lair:6)
  The ghost of Bonieng the Grappler, a journeyman VSTm of Kikubaaqudgha (Lair:3)
  A two-headed ogre (D:8)
  10 death yaks
  Sonja (Lair:2)
  Urug (Lair:4)
  An unseen horror (D:12)
  4 orc knights
  Pikel (D:7)
  An orc sorcerer (Orc:1)
  A deep elf mage (D:12)
  A cyclops (D:11)
  4 manticores
  3 ugly things
  2 black mambas
  9 elephants
  8 cane toads
  A torpor snail (Lair:5)
  6 rime drakes
  2 gargoyles (D:12)
  6 komodo dragons
  3 meliai (Lair:4)
  A queen bee (Lair:4)
  2 polar bears (Lair:6)
  3 trolls
  Grinder (D:4)
  Prince Ribbit (D:7)
  A hornet (Lair:4)
  5 hippogriffs
  21 blink frogs
  A shadow (D:12)
  A wyvern (D:12)
  3 wraiths
  5 basilisks
  49 yaks
  Grum (D:11)
  A vampire mosquito (D:12)
  A warg (D:12)
  A soldier ant (D:11)
  An acid dragon (D:12)
  8 water moccasins
  7 porcupines
  5 ice beasts
  2 sky beasts
  3 black bears
  Duvessa (D:7)
  8 ogres
  10 orc warriors
  A necrophage (D:11)
  10 wolves
  6 centaurs
  A lemure (D:7)
  13 crocodiles
  7 bullfrogs
  2 big kobolds (D:12)
  A gnoll sergeant (D:11)
  2 water moccasin zombies
  2 wyvern skeletons
  Dowan (D:7)
  A water moccasin skeleton (D:8)
  5 scorpions
  A wight (D:12)
  34 killer bees
  3 howler monkeys
  3 centaur zombies
  3 bullfrog zombies
  5 hounds
  3 jellies
  2 centaur skeletons
  9 orc priests
  Jessica (D:2)
  2 iguanas
  12 orc wizards
  7 worker ants
  A killer bee zombie (D:5)
  2 hound skeletons
  9 mummies
  5 gnolls (D:11)
  12 adders
  A shadow imp (D:10)
  2 white imps
  An ufetubus (D:6)
  3 oozes
  2 adder skeletons
  4 worms
  3 dart slugs
  6 leopard geckos
  49 orcs
  6 giant cockroaches
  8 goblins
  9 hobgoblins
  2 jackals (D:2)
  13 kobolds
  5 quokkas
  3 ball pythons
  3 bats
  10 frilled lizards
  A gnoll zombie (Ossuary)
  A hobgoblin zombie (Ossuary)
  A kobold zombie (Ossuary)
  5 orc zombies (Ossuary)
  A quokka skeleton (D:5)
  2 quokka zombies
  3 rats
  A plant (Lair:6)
529 creatures vanquished.

Vanquished Creatures (others)
  4 orcs
  5 foxfires
  9 fungi
  15 plants
33 creatures vanquished.

Grand Total: 562 creatures vanquished

Notes
Turn   | Place    | Note
-------+----------+-------------------------------------------
     0 | D:1      | Corto the Gargoyle Earth Elementalist began the quest for
                  | the Orb.
     0 | D:1      | Reached XP level 1. HP: 10/10 MP: 3/3
   411 | D:1      | Reached XP level 2. HP: 15/15 MP: 5/5
   425 | D:1      | Reached skill level 4 in Earth Magic
  1538 | D:2      | Noticed Jessica
  1543 | D:2      | Killed Jessica
  1543 | D:2      | Reached XP level 3. HP: 15/19 MP: 3/7
  1567 | D:2      | Found a stormy altar of Qazlal.
  1759 | D:2      | Reached XP level 4. HP: 17/24 MP: 6/8
  1989 | D:2      | Reached skill level 5 in Earth Magic
  2374 | D:2      | Found an opulent altar of Gozag.
  2456 | D:2      | Reached XP level 5. HP: 28/28 MP: 10/10
  2513 | D:2      | Found a stormy altar of Qazlal.
  2613 | D:3      | Found an iron altar of Okawaru.
  2774 | D:3      | Found a snail-covered altar of Cheibriados.
  3372 | D:4      | Found a sparkling altar of Nemelex Xobeh.
  3482 | D:4      | Noticed Grinder
  3528 | D:4      | Killed Grinder
  3528 | D:4      | Reached skill level 6 in Earth Magic
  3528 | D:4      | Reached XP level 6. HP: 14/32 MP: 5/13
  3652 | D:4      | Reached skill level 5 in Spellcasting
  3652 | D:4      | Reached skill level 7 in Earth Magic
  3652 | D:4      | Reached XP level 7. HP: 30/36 MP: 10/14
  3936 | D:4      | Learned a level 3 spell: Stone Arrow
  3942 | D:4      | Learned a level 5 spell: Lee's Rapid Deconstruction
  4395 | D:4      | Found a runed translucent gate.
  4395 | D:4      | Found a runed translucent gate.
  4398 | D:4      | Noticed BritishOli's ghost (amateur DsFi)
  4399 | D:4      | Found a runed translucent gate.
  4676 | D:5      | Entered Level 5 of the Dungeon
  4741 | D:5      | Reached skill level 8 in Earth Magic
  5095 | D:5      | Reached XP level 8. HP: 21/41 MP: 14/16
  5497 | D:5      | Reached skill level 9 in Earth Magic
  5668 | D:6      | Reached skill level 1 in Fighting
  5668 | D:6      | Reached skill level 1 in Armour
  5668 | D:6      | Reached skill level 1 in Shields
  5944 | D:6      | Noticed a green ugly thing
  5952 | D:6      | Killed a green ugly thing
  5952 | D:6      | Reached XP level 9. HP: 42/49 MP: 13/19
  6352 | D:7      | Found a staircase to the Ecumenical Temple.
  6361 | Temple   | Entered the Ecumenical Temple
  6573 | D:7      | Noticed Pikel
  6589 | D:7      | Killed Pikel
  6625 | D:7      | Noticed Duvessa
  6633 | D:7      | Noticed Dowan
  6634 | D:7      | Killed Dowan
  6637 | D:7      | Killed Duvessa
  6777 | D:7      | Found a blossoming altar of Fedhas.
  6787 | D:7      | Noticed Prince Ribbit
  6862 | D:7      | Killed Prince Ribbit
  6862 | D:7      | Reached skill level 10 in Earth Magic
  7257 | D:8      | Found Gaecekip's Armour Shop.
  7356 | D:8      | Noticed a two-headed ogre
  7369 | D:8      | Killed a two-headed ogre
  7369 | D:8      | Reached XP level 10. HP: 23/58 MP: 13/21
  7408 | D:8      | Found an ancient bone altar of Kikubaaqudgha.
  7722 | D:8      | Found a sand-covered staircase.
  7745 | Ossuary  | Entered an ossuary
  7786 | Ossuary  | Reached skill level 5 in Fighting
  8170 | D:8      | Found a radiant altar of Vehumet.
  8178 | D:8      | Became a worshipper of Vehumet
  8404 | D:9      | Reached skill level 5 in Armour
  8404 | D:9      | Reached skill level 5 in Shields
  9052 | D:9      | Reached skill level 11 in Earth Magic
  9163 | D:9      | Found a shimmering altar of Xom.
  9200 | D:9      | Found a burning altar of Makhleb.
  9396 | D:10     | Entered Level 10 of the Dungeon
  9575 | D:10     | Reached XP level 11. HP: 29/66 MP: 18/23
  9585 | D:10     | Reached * piety under Vehumet
  9585 | D:10     | Offered knowledge of Foxfire by Vehumet.
  9593 | D:10     | Learned a level 1 spell: Foxfire
  9867 | D:10     | Found a staircase to the Lair.
 10289 | D:10     | Reached skill level 1 in Fire Magic
 10555 | Lair:1   | Entered Level 1 of the Lair of Beasts
 10595 | Lair:1   | Reached skill level 5 in Maces & Flails
 10814 | Lair:1   | Reached skill level 1 in Conjurations
 11027 | Lair:1   | Noticed an oklob plant
 11027 | Lair:1   | Noticed an oklob plant
 11146 | Lair:1   | Reached skill level 1 in Evocations
 11731 | Lair:1   | Noticed an oklob plant
 12197 | Lair:2   | Reached ** piety under Vehumet
 12197 | Lair:2   | Offered knowledge of Freeze by Vehumet.
 12351 | Lair:2   | Found a staircase to the Snake Pit.
 12498 | Lair:2   | Noticed Sonja
 12505 | Lair:2   | Killed Sonja
 12505 | Lair:2   | Reached skill level 12 in Earth Magic
 12505 | Lair:2   | Reached XP level 12. HP: 73/73 MP: 18/25
 14406 | Lair:4   | Noticed a seven-headed hydra
 14513 | Lair:3   | Killed a seven-headed hydra
 14725 | Lair:4   | Noticed a death yak
 14729 | Lair:4   | Offered knowledge of Inner Flame by Vehumet.
 14742 | Lair:4   | Killed a death yak
 14747 | Lair:4   | Learned a level 2 spell: Searing Ray
 15155 | Lair:4   | Reached *** piety under Vehumet
 15155 | Lair:4   | Reached skill level 5 in Conjurations
 15165 | Lair:4   | Reached XP level 13. HP: 37/80 MP: 16/26
 15451 | Lair:4   | Found a runed translucent gate.
 15451 | Lair:4   | Found a runed translucent gate.
 15451 | Lair:4   | Found a runed translucent gate.
 15502 | Lair:4   | Reached skill level 5 in Fire Magic
 15619 | Lair:4   | Found a staircase to the Shoals.
 15654 | Lair:4   | Noticed Urug
 15690 | Lair:4   | Reached skill level 10 in Spellcasting
 15698 | Lair:4   | Killed Urug
 16160 | Lair:4   | Offered knowledge of Mephitic Cloud by Vehumet.
 16205 | Lair:4   | Noticed Bonieng's ghost (journeyman VSTm)
 16206 | Lair:4   | Noticed a minotaur
 16532 | Lair:3   | Killed Bonieng's ghost
 16684 | Lair:4   | HP: 3/80 [minotaur/silver javelin (3)]
 17434 | Lair:5   | Got a coiled copper amulet
 17435 | Lair:5   | Identified the amulet "Foguf" {Reflect rPois MR+ SH+5} (You
                  | found it on level 5 of the Lair of Beasts)
 17881 | Lair:5   | Reached skill level 13 in Earth Magic
 17916 | Lair:5   | Reached skill level 5 in Evocations
 18017 | Lair:5   | Gained mutation: You are clumsy. (Dex -2) [potion of
                  | mutation]
 18017 | Lair:5   | Gained mutation: Your spells are a little harder to cast,
                  | but a little more powerful. [potion of mutation]
 18380 | Lair:5   | Found a staircase to the Slime Pits.
 18383 | Lair:5   | Found a viscous altar of Jiyva.
 18701 | Lair:6   | Entered Level 6 of the Lair of Beasts
 19011 | Lair:6   | Reached **** piety under Vehumet
 19021 | Lair:6   | Offered knowledge of Conjure Flame by Vehumet.
 19051 | Lair:5   | Learned a level 3 spell: Conjure Flame
 21685 | Lair:6   | Gained mutation: Your large and strong wings let you fly
                  | indefinitely. [Gargoyle growth]
 21685 | Lair:6   | Reached XP level 14. HP: 87/87 MP: 15/28
 21704 | Lair:6   | Reached skill level 10 in Fighting
 23529 | D:11     | Noticed Gastronok
 23556 | D:11     | Killed Gastronok
 23979 | D:11     | Identified the +6 chain mail of Polish {rPois MR++ Str-2
                  | Dex+4}
 24142 | D:11     | Noticed Grum
 24156 | D:11     | Killed Grum
 24347 | D:11     | Reached ***** piety under Vehumet
 24347 | D:11     | Offered knowledge of Iron Shot by Vehumet.
 24355 | D:11     | Learned a level 6 spell: Iron Shot
 24635 | Temple   | Identified a scroll of acquirement
 24635 | Temple   | Acquired Toirr's Guide on Excruciating Translocation
 24645 | Temple   | Upgraded the game from 0.26-a0-291-g3d11bbfad5 to
                  | 0.26-a0-307-g4e7fcc93f0
 25025 | D:12     | Found a staircase to the Orcish Mines.
 25456 | D:12     | Identified the +7 mace "Affyimozy" {pain, rF+}
 25665 | D:12     | Learned a level 4 spell: Sticky Flame
 26671 | Orc:1    | Entered Level 1 of the Orcish Mines
 26709 | Orc:2    | Entered Level 2 of the Orcish Mines
 26715 | Orc:2    | Found a staircase to the Elven Halls.
 26737 | Orc:2    | Noticed Josephine
 27369 | D:12     | Reached skill level 14 in Earth Magic
 27608 | Orc:1    | Killed Josephine
 28150 | Orc:2    | Noticed Saint Roka
 28758 | Orc:1    | HP: 3/88 [Saint Roka/divine providence (16)]
 28759 | Orc:1    | Killed from afar by Saint Roka

Illustrated notes

Levels and vault maps discovered:
D:1:      kennysheep_arrival_seaside, layout_basic, minivault_23,
          minmay_heptomino_d4
D:2:      layout_rooms, lemuel_doored_altar, nicolae_qazlal_general_emergency,
          st_stairs_10, kennysheep_flooded_box, uniq_jessica
D:3:      layout_rooms, lemuel_round_altar, okawaru_trees_1
D:4:      layout_loops_ring, kennysheep_mini, gammafunk_ghost_nasty_kobolds,
          uniq_grinder, uniq_crazy_yiuf_cottage
D:5:      layout_gridville
D:6:      layout_rooms, interstate_on_off
D:7:      layout_rooms, old_standard_altar, minmay_temple_entry_trees,
          uniq_duvessa, uniq_prince_ribbit1, uniq_pikel
D:8:      layout_gridville, vehumet_crystals, kiku_gazebo_pond_becter,
          serial_shops, shop_fountains, nicolae_ossuary_entry_false_entrances
D:9:      layout_rooms, makhleb_heckhound_becter, basic_altar,
          minmay_chambers_of_fives
D:10:     layout_rooms, david_lair_generic
D:11:     layout_loops_ring, serial_undead, serial_undead_a, serial_undead_b,
          serial_undead_f, serial_undead_f, dk_noncrumbling_3, uniq_grum,
          uniq_gastronok
D:12:     layout_cave_pods, david_orc_3, minmay_joined_circles
Temple:   eino_temple_water
Lair:1:   layout_regular_city, minmay_lair_oklob_chamber, serial_bayou_shore_b
Lair:2:   layout_hall_layers, dummy_snake_entry, nzn_random_ring, uniq_sonja
Lair:3:   layout_chaotic_city
Lair:4:   regret_index_tunnel_blossom, layout_misc_corridors,
          maelrawn_ghost_gauntlet_escape, serial_bayou_shore_a, uniq_urug
Lair:5:   layout_gridlike, slime_altar_1, grunt_forest_small_clearings,
          eino_small_chamber_without_monster, serial_bayou_crossing,
          grunt_megastairs_4
Lair:6:   evilmike_catoblepas_cave, layout_concentric_octagons,
          lemuel_fruit_tree
Orc:1:    layout_diamond_mine, basic_altar
Orc:2:    st_orc_pillars, layout_diamond_mine, portal_ice_cave_entry_pillars_1,
          sword_in_stone, uniq_saint_roka, uniq_josephine

Skill      XL: |  1  2  3  4  5  6  7  8  9 10 11 12 13 14 |
---------------+-------------------------------------------+-----
Earth Magic    | 4 5 6 7 8 9 10 11 12 13 14 | 14.0
Spellcasting   | 3 4 5 7 8 9 10 11 | 11.1
Fighting       | 2 4 6 7 8 9 10 | 10.8
Armour         | 2 4 5 6 |  6.0
Shields        | 2 4 5 |  5.0
Maces & Flails | 2 4 5 7 8 9 |  9.2
Fire Magic     | 3 4 6 7 |  7.6
Conjurations   | 2 5 6 8 |  8.2
Evocations     | 2 4 5 6 |  6.8
Dodging        | |  1.5
Stealth        | |  2.1
Transmutations | |  0.7

Action                   |  1- 3 |  4- 6 |  7- 9 | 10-12 | 13-15 || total
-------------------------+-------+-------+-------+-------+-------++-------
Melee: Unarmed           |    52 |       |       |       |       ||    52
       Club              |    20 |       |       |       |       ||    20
       Whip              |    37 |    84 |    45 |   193 |   203 ||   562
       Mace              |       |    79 |    52 |       |    59 ||   190
       Falchion          |       |       |   104 |       |       ||   104
       Flail             |       |       |     9 |   251 |       ||   260
       Staff             |       |       |       |       |    13 ||    13
 Cast: Sandblast         |    16 |    14 |    68 |    35 |     7 ||   140
       Lee's Rapid Decon |       |       |       |    24 |    46 ||    70
       Stone Arrow       |       |       |       |   106 |   326 ||   432
       Foxfire           |       |       |       |     3 |       ||     3
       Searing Ray       |       |       |       |    21 |    21 ||    42
       Conjure Flame     |       |       |       |       |     3 ||     3
       Sticky Flame      |       |       |       |       |    12 ||    12
       Iron Shot         |       |       |       |       |     6 ||     6
 Abil: Fly               |       |       |       |       |     1 ||     1
  Use: Scroll            |       |       |       |     2 |    19 ||    21
       Potion            |       |       |       |       |    15 ||    15
 Stab: Sleeping          |     1 |     2 |     6 |     1 |     1 ||    11
       Distracted        |       |     1 |       |       |       ||     1
       Invisible         |       |       |       |       |     1 ||     1
Armor: Robe              |    38 |    59 |    87 |   222 |   157 ||   563
Dodge: Dodged            |    63 |   104 |   152 |   331 |   231 ||   881
Block: Buckler           |    12 |    45 |    59 |   193 |   280 ||   589
       Reflection        |       |       |       |       |    13 ||    13
       Rpst.: Falchion   |       |       |    25 |       |       ||    25

Table legend:
 A = Non-vault XP
 B = Vault XP
 C = Vault XP percentage of total XP
 D = Non-vault monster count
 E = Vault monster count
 F = Vault count percentage of total count
                 A         B        C        D         E       F
            +---------+---------+-------+---------+---------+-------
      Total |   39881 |   45264 |  53.2 |     350 |     177 |  33.6
            +---------+---------+-------+---------+---------+-------
        D:1 |      26 |       5 |  16.1 |      17 |       3 |  15.0
        D:2 |      84 |      51 |  37.8 |      27 |       3 |  10.0
        D:3 |       8 |       0 |   0.0 |       3 |       0 |   0.0
        D:4 |     592 |     277 |  31.9 |      22 |       1 |   4.3
        D:5 |     574 |       0 |   0.0 |      21 |       0 |   0.0
        D:6 |    1109 |       0 |   0.0 |      16 |       0 |   0.0
        D:7 |     193 |    1087 |  84.9 |      10 |       4 |  28.6
        D:8 |    1788 |     576 |  24.4 |      17 |       3 |  15.0
        D:9 |    2320 |      45 |   1.9 |      17 |       1 |   5.6
       D:10 |    1354 |     978 |  41.9 |      12 |       4 |  25.0
       D:11 |    2878 |    3403 |  54.2 |      27 |      10 |  27.0
       D:12 |    4781 |    4617 |  49.1 |      54 |      24 |  30.8
     Lair:1 |    2790 |       0 |   0.0 |      16 |       0 |   0.0
     Lair:2 |    1284 |    3574 |  73.6 |       7 |      12 |  63.2
     Lair:3 |    3739 |    2940 |  44.0 |      15 |       6 |  28.6
     Lair:4 |    2593 |    9408 |  78.4 |       8 |      49 |  86.0
     Lair:5 |    6887 |    2484 |  26.5 |      27 |       6 |  18.2
     Lair:6 |    6359 |   11857 |  65.1 |      19 |      21 |  52.5
      Orc:1 |     219 |    3024 |  93.2 |       7 |       8 |  53.3
      Orc:2 |     303 |     785 |  72.2 |       8 |       6 |  42.9
    Ossuary |       0 |     153 | 100.0 |       0 |      16 | 100.0
            +---------+---------+-------+---------+---------+-------
